 Dungeon Crawl Stone Soup version 0.29-a0-925-g0a7a3d12f8 (webtiles) character file.

Game seed: 5524516267033404631

2903 Newt the Stinger (level 9, -1/59 HPs)
             Began as a Demonspawn Venom Mage on July 29, 2022.
             Was an Initiate of Fedhas.
             Slain by an orc warrior
             ... wielding a +0 dire flail
              (15 damage)
             ... on level 8 of the Dungeon.
             The game lasted 00:31:27 (8641 turns).

Newt the Stinger (Demonspawn Venom Mage)            Turns: 8641, Time: 00:31:29

Health: -1/59      AC:  9    Str: 13    XL:     9   Next: 49%
Magic:  10/25      EV: 13    Int: 21    God:    Fedhas [......]
Gold:   293        SH:  0    Dex: 18    Spells: 9/18 levels left

rFire   . . .      SeeInvis .   L - +4 hand axe of Light {spect, MP+9 Dex+4}
rCold   . . .      Faith    .   (no shield)
rNeg    . . .      Spirit   .   p - +0 leather armour "Ceulinofu" {Int+5}
rPois   +          Reflect  .   e - +1 helmet
rElec   .          Harm     .   C - +0 cloak
rCorr   .          Rampage  .   (no gloves)
Will    .....                   (no boots)
Stlth   +++.......              (no amulet)
HPRegen 0.19/turn               m - ring of poison resistance
MPRegen 0.19/turn               (no ring)

@: no status effects
A: claws 1, foul stench 1, sharp scales 3, demonic magic 2
a: Renounce Religion


You were on level 8 of the Dungeon.
You worshipped Fedhas.
Fedhas was noncommittal.
You visited 2 branches of the dungeon, and saw 9 of its levels.
You also visited: Sewer.

You collected 377 gold pieces.
You spent 84 gold pieces at shops.

Inventory:

Hand Weapons
 c - a +5 short sword of holy wrath
 g - a +4 dagger of chaos
 L - the +4 hand axe of Light (weapon) {spect, MP+9 Dex+4}
   (You found it in a sewer)

   When its wielder attacks, the weapon's spirit leaps out and strikes again.
   The spirit shares a part of any damage it takes with its wielder.
   Dex:       It affects your dexterity (+4).
   MP:        It affects your magic capacity (+9).
Missiles
 d - 6 atropa-tipped darts
Armour
 a - a +0 robe
 e - a +1 helmet (worn)
 i - a +0 leather armour
 p - the +0 leather armour "Ceulinofu" (worn) {Int+5}
   (You found it on level 2 of the Dungeon)

   Int:       It affects your intelligence (+5).
 q - a +0 pair of gloves
 C - a +0 cloak (worn)
Magical Staves
 v - a staff of earth
 w - a staff of conjuration
Jewellery
 m - a ring of poison resistance (left claw)
 x - a ring of flight
 F - a ring of the Octopus King {Wiz HP+2 AC+2 EV+2 SH+2}
   (You found it on level 5 of the Dungeon)

   [ring of wizardry]

   It improves your spell success rate.
   AC:        It affects your AC (+2).
   EV:        It affects your evasion (+2).
   HP:        It affects your health (+2).
   SH:        It affects your SH (+2).
Wands
 B - a wand of flame (5)
 I - a wand of roots (13)
Scrolls
 f - 7 scrolls of teleportation
 h - a scroll of enchant armour
 j - a scroll of vulnerability
 n - a scroll of acquirement {unknown}
 r - a scroll of noise
 E - 2 scrolls of fog
 G - 2 scrolls of magic mapping
 K - a scroll of blinking
Potions
 b - a potion of magic
 k - 4 potions of attraction
 l - 3 potions of curing
 o - 6 potions of flight
 s - 3 potions of lignification
 t - a potion of invisibility
 A - 2 potions of might
 J - a potion of mutation
 M - a potion of cancellation
 O - a potion of haste
 Q - a potion of brilliance


   Skills:
 + Level 1.4 Fighting
 * Level 2.2 Axes
 - Level 3.1 Staves
 - Level 2.3 Armour
 + Level 3.4 Dodging
 - Level 3.9 Stealth
 - Level 1.3 Unarmed Combat
 + Level 5.0 Spellcasting
 * Level 4.5 Conjurations
 + Level 3.3 Transmutations
 + Level 1.7 Air Magic
 - Level 0.6 Earth Magic
 * Level 7.2 Poison Magic


You had 9 spell levels left.
You knew the following spells:

 Your Spells              Type           Power      Damage    Failure   Level
a - Sting                 Tmut/Pois      100%       1d8       1%          1
b - Poisonous Vapours     Pois/Air       48%        N/A       3%          2
c - Olgreb's Toxic Radia  Pois           35%        N/A       7%          4
d - Wereblood             Tmut           19%        N/A       5%          2

Your spell library contained the following spells:

 Spells                   Type           Power      Damage    Failure   Level
 Magic Dart               Conj           96%        1d7       2%          1
 Spider Form              Tmut/Pois      27%        N/A       4%          3
 Mephitic Cloud           Conj/Pois/Air  24%        N/A       6%          3
 Passwall                 Tmut/Erth      10%        N/A       9%          2
 Call Imp                 Summ           5%         N/A       21%         2
 Ensorcelled Hibernation  Hex/Ice        10%        N/A       21%         2
 Sublimation of Blood     Necr           5%         N/A       21%         2
 Swiftness                Air            12%        N/A       21%         3
 Gell's Gravitas          Tloc           5%         N/A       38%         3
 Ozocubu's Armour         Ice            5%         N/A       38%         3
 Teleport Other           Tloc           5%         N/A       38%         3
 Anguish                  Hex/Necr       2%         N/A       80%         4
 Dispersal                Tloc           2%         N/A       100%        6
 Ozocubu's Refrigeration  Ice            2%         4d5       100%        7
 Summon Hydra             Summ           2%         N/A       100%        7


Dungeon Overview and Level Annotations

Branches:
Dungeon (8/15)             Temple (1/1) D:7           Sewer (visited)
   Lair: D:8-11

Altars:
Ashenzari
Cheibriados
Dithmenos
Fedhas
Gozag
Hepliaklqana
Kikubaaqudgha
Makhleb
Nemelex Xobeh
Okawaru
Qazlal
Ru
Sif Muna
Trog
Uskayaw
Vehumet
Wu Jian
Xom
Yredelemnul

Shops:
D:4 ?   D:6 :

Annotations:
D:7 2 runed translucent doors, Yogidamonk's ghost, novice MiBe


Innate Abilities, Weirdness & Mutations

You have sharp fingernails.
You may rarely emit foul miasma when damaged in melee.
You are completely covered in razor-sharp scales. (AC +3, Slay +3)
Spells you cast may paralyse nearby enemies.


Message History

You closely miss the orc warrior.
The orc warrior is heavily wounded.
The orc warrior closely misses you.
You hit the orc warrior but do no damage.
The orc warrior is heavily wounded.
The orc warrior completely misses you.
You barely miss the orc warrior.
The orc warrior is heavily wounded.
The orc warrior hits you with a +0 dire flail!
* * * LOW HITPOINT WARNING * * *
The orc warrior closely misses you.
Your magical contamination has completely faded away.
Casting: Sting (safe; 1% risk of failure)
Confirm with . or Enter, or press ? or * to list all spells.
Aiming: Sting (safe; 1% risk of failure)
Press: ? - help, Shift-Dir - straight line, f/p - orc warrior
Aim: an orc warrior, wielding a +0 dire flail and wearing a +0 plate armour (heavily wounded, extremely poisoned, 78% to hit)
The sting hits the orc warrior but does no damage.
The orc warrior looks as sick as possible!
The orc warrior is heavily wounded.
Malevolent energies surge around you. The orc warrior barely misses you.
You feel much better.
The orc warrior hits you with a +0 dire flail!
* * * LOW HITPOINT WARNING * * *
You emit a cloud of foul miasma!
Casting: Sting (safe; 1% risk of failure)
Confirm with . or Enter, or press ? or * to list all spells.
Aiming: Sting (safe; 1% risk of failure)
Press: ? - help, Shift-Dir - straight line, f/p - orc warrior
Aim: an orc warrior, wielding a +0 dire flail and wearing a +0 plate armour (foul pestilence, severely wounded, extremely poisoned, 78% to hit)
The sting hits the orc warrior but does no damage.
The orc warrior looks as sick as possible!
The orc warrior is severely wounded.
Malevolent energies surge around you.
The orc warrior is engulfed in dark miasma.
The orc warrior looks as sick as possible!
The orc warrior seems to slow down.
The orc warrior hits you with a +0 dire flail!
You die...
Fedhas appreciates your contribution to the ecosystem.

## ...
######....
#.<......<
#....:....
#######.........
#...)@o).)......
#...###†........
#.. #.).......
#? #.....)... #
#.........
..........
#########


You could see an orc warrior (extremely poisoned, slow).

Vanquished Creatures
  Maggie (D:7)
  A hornet (D:7)
  Eustachio (D:6)
  2 steam dragons (D:7)
  A water moccasin (D:5)
  An ice beast (D:5)
  A black bear (D:4)
  2 ogres (D:5)
  A kobold brigand (D:6)
  2 scorpions
  A necrophage (D:6)
  6 wights
  3 killer bees (D:8)
  2 jellies
  A gnoll bouda (D:5)
  2 orc priests
  A hound (D:4)
  Jessica (D:3)
  2 iguanas
  Ijyb (D:4)
  Natasha (D:3)
  An orc wizard (D:8)
  A merfolk avatar (Sewer)
  A merfolk siren (Sewer)
  Robin (D:3)
  8 gnolls
  26 adders
  4 shadow imps
  2 worms
  5 dart slugs
  12 orcs
  3 bats
  9 endoplasms
  11 giant cockroaches
  12 goblins
  4 hobgoblins
  3 jackals (D:3)
  12 kobolds
  8 quokkas
  5 ball pythons
  9 frilled lizards
  28 rats
199 creatures vanquished.

Notes
Turn   | Place    | Note
-------+----------+-------------------------------------------
     0 | D:1      | Newt the Demonspawn Venom Mage began the quest for the Orb.
     0 | D:1      | Reached XP level 1. HP: 13/13 MP: 3/3
   174 | D:1      | Found a faded altar of an unknown god.
   440 | D:1      | Gained mutation: You are partially covered in razor-sharp
                  | scales. (AC +1, Slay +1) [demonic ancestry]
   440 | D:1      | Reached XP level 2. HP: 19/19 MP: 0/5
   790 | D:2      | Learned a level 2 spell: Poisonous Vapours
   881 | D:2      | Gained mutation: Spells you cast may paralyse adjacent
                  | enemies. [demonic ancestry]
   881 | D:2      | Reached XP level 3. HP: 21/24 MP: 1/6
   994 | D:2      | Reached skill level 1 in Unarmed Combat
  1049 | D:2      | Identified the +0 leather armour "Ceulinofu" {Int+5}
  1183 | D:2      | Reached skill level 1 in Transmutations
  1589 | D:2      | Reached XP level 4. HP: 30/30 MP: 5/7
  1809 | D:3      | Noticed Robin
  1893 | D:3      | Killed Robin
  2007 | D:3      | Reached skill level 1 in Armour
  2139 | D:3      | Gained mutation: You are mostly covered in razor-sharp
                  | scales. (AC +2, Slay +2) [demonic ancestry]
  2139 | D:3      | Reached XP level 5. HP: 27/35 MP: 3/8
  2326 | D:3      | Noticed Jessica
  2329 | D:3      | Killed Jessica
  2458 | D:3      | Reached skill level 4 in Poison Magic
  2881 | D:3      | Noticed Natasha
  2889 | D:3      | Killed Natasha
  3287 | D:4      | Noticed a black bear
  3348 | D:4      | Killed a black bear
  3349 | D:4      | Gained mutation: Spells you cast may paralyse nearby
                  | enemies. [demonic ancestry]
  3349 | D:4      | Reached XP level 6. HP: 24/41 MP: 2/10
  3598 | D:4      | Reached skill level 1 in Staves
  3603 | D:4      | Reached skill level 1 in Conjurations
  3904 | D:4      | Found Jiochigg's Magic Scroll Boutique.
  3912 | D:4      | Bought a scroll of identify for 28 gold pieces
  3912 | D:4      | Bought a scroll of identify for 28 gold pieces
  3912 | D:4      | Bought a scroll of identify for 28 gold pieces
  3973 | D:4      | Learned a level 4 spell: Olgreb's Toxic Radiance
  3993 | D:4      | Noticed Ijyb
  4004 | D:4      | Killed Ijyb
  4344 | D:5      | Entered Level 5 of the Dungeon
  4475 | D:5      | Found the ring of the Octopus King
  4535 | D:5      | Identified a ring of the Octopus King {Wiz HP+2 AC+2 EV+2
                  | SH+2}
  4582 | D:5      | Noticed an ice beast
  4595 | D:5      | Killed an ice beast
  4596 | D:5      | Gained mutation: You have sharp fingernails. [demonic
                  | ancestry]
  4596 | D:5      | Reached XP level 7. HP: 33/46 MP: 2/11
  4774 | D:5      | Reached skill level 5 in Poison Magic
  5036 | D:5      | Reached skill level 1 in Air Magic
  5421 | D:5      | Found a transporter.
  5437 | D:5      | Found a transporter.
  5850 | D:5      | Gained mutation: You may rarely emit foul miasma when
                  | damaged in melee. [demonic ancestry]
  5850 | D:5      | Reached XP level 8. HP: 38/53 MP: 2/13
  6154 | D:6      | Found Gipasicu's Book Emporium.
  6210 | D:6      | Noticed Eustachio
  6224 | D:6      | Killed Eustachio
  6281 | D:6      | Learned a level 2 spell: Wereblood
  6491 | D:6      | Found a glowing drain.
  6681 | Sewer    | Entered a sewer
  7030 | Sewer    | Identified the +4 hand axe of Light {spect, MP+9 Dex+4}
  7279 | D:7      | Noticed Maggie
  7288 | D:7      | Killed Maggie
  7289 | D:7      | Reached skill level 1 in Fighting
  7289 | D:7      | Reached skill level 1 in Axes
  7374 | D:7      | Noticed a hornet
  7376 | D:7      | Reached skill level 6 in Poison Magic
  7376 | D:7      | Gained mutation: You are completely covered in razor-sharp
                  | scales. (AC +3, Slay +3) [demonic ancestry]
  7376 | D:7      | Reached XP level 9. HP: 44/59 MP: 15/15
  7651 | D:7      | Found a staircase to the Ecumenical Temple.
  7666 | Temple   | Entered the Ecumenical Temple
  7819 | Temple   | Became a worshipper of Fedhas Madash
  8365 | D:7      | Found a snail-covered altar of Cheibriados.
  8423 | D:7      | Found a runed translucent gate.
  8425 | D:7      | Noticed Yogidamonk's ghost (novice MiBe)
  8432 | D:7      | Found a runed translucent gate.
  8471 | D:7      | Found an ancient bone altar of Kikubaaqudgha.
  8614 | D:8      | Reached skill level 7 in Poison Magic
  8634 | D:8      | Reached skill level 5 in Spellcasting
  8641 | D:8      | Slain by an orc warrior

Illustrated notes

Levels and vault maps discovered:
D:1:      dpeg_arrival_radiant, layout_basic,
          shapermc_ecumenical_altar_starsandcircs
D:2:      minmay_recursive_quarters, layout_basic, minmay_tromino_v4_c
D:3:      layout_basic, minmay_statues_item, uniq_natasha, uniq_robin,
          uniq_jessica
D:4:      layout_rooms, serial_shops, shop, uniq_ijyb
D:5:      gammafunk_wand_slinger, layout_rooms
D:6:      layout_rooms, portal_sewer_entry_f, serial_shops, shop, uniq_eustachio
D:7:      layout_cave_pools, amcnicky_altar_gilded,
          mainiacjoe_overflow_big_doors, minmay_temple_entry_hall,
          gammafunk_ghost_split, minmay_misc_feat_five, uniq_maggie
D:8:      layout_basic, uniq_maurice, uniq_erica, uniq_pikel
Temple:   nicolae_temple_bog_church

Skill      XL: |  1  2  3  4  5  6  7  8  9 |
---------------+----------------------------+-----
Dodging        | 2 3 |  3.4
Unarmed Combat | 1 |  1.3
Transmutations | 1 2 3 |  3.3
Armour         | 1 2 |  2.3
Stealth        | 2 3 |  3.9
Poison Magic   | 4 5 6 7 |  7.2
Staves         | 1 2 3 |  3.1
Conjurations   | 1 2 4 |  4.5
Spellcasting   | 3 4 5 |  5.0
Air Magic      | 1 |  1.7
Fighting       | 1 |  1.4
Axes           | 1 2 |  2.2
Earth Magic    | |  0.6

Action                   |  1- 3 |  4- 6 |  7- 9 || total
-------------------------+-------+-------+-------++-------
Melee: Unarmed           |    92 |    53 |       ||   145
       Punch             |     1 |     3 |    11 ||    15
       Staff             |       |    50 |   167 ||   217
       Hand axe          |       |       |    54 ||    54
 Cast: Sting             |    41 |   105 |   118 ||   264
       Poisonous Vapours |     2 |    11 |    19 ||    32
       Olgreb's Toxic Ra |       |     1 |     6 ||     7
  Use: Scroll            |     3 |     8 |    14 ||    25
       Potion            |       |     1 |     2 ||     3
 Stab: Paralysed         |     3 |    28 |    34 ||    65
       Sleeping          |       |       |     6 ||     6
Armor: Robe              |     8 |       |       ||     8
       Leather armour    |    12 |    48 |    75 ||   135
Dodge: Dodged            |    55 |    98 |   164 ||   317

Table legend: (Time is in decaauts)
 A = Elapsed time spent in this place.
 B = Non-inter-level travel time spent in this place.
 C = Inter-level travel time spent in this place.
 D = Time resting spent in this place.
 E = Time spent auto-exploring this place.
 F = Levels seen in this place.
 G = Mean time per level.
                   A        B        C        D        E       F      G
               +--------+--------+--------+--------+--------+-----+--------+
         Total |   8719 |   8490 |    229 |   2169 |   4215 |  10 |  871.9 |
       Dungeon |   8038 |   7841 |    197 |   2169 |   3970 |   8 | 1004.8 |
        Temple |    296 |    265 |     31 |      0 |     99 |   1 |  296.0 |
         Sewer |    384 |    384 |      0 |      0 |    145 |   1 |  384.0 |
               +--------+--------+--------+--------+--------+-----+--------+

Top non-repeatable levels by time:
     D:5: 1464 daAuts
     D:3: 1431 daAuts
     D:4: 1356 daAuts
     D:2: 1070 daAuts
     D:7: 1040 daAuts
     D:6: 862 daAuts
     D:1: 755 daAuts
   Sewer: 384 daAuts
  Temple: 296 daAuts
     D:8: 58 daAuts
